 Dungeon Crawl Stone Soup version 0.29-a0-887-gcbe080d7e0 (webtiles) character file.

Game seed: 3691783740273220026

133 snetch the Magician (level 5, -2/35 HPs)
             Began as a Djinni Fire Elementalist on July 21, 2022.
             Was a Plaything of Xom.
             Slain by an orc
             ... wielding a +0 flail
              (7 damage)
             ... on level 3 of the Dungeon.
             The game lasted 00:06:41 (2441 turns).

snetch the Magician (Djinni Fire Elementalist)      Turns: 2441, Time: 00:06:43

Health: -2/35      AC:  4    Str:  7    XL:     5   Next: 40%
Gold:   68         EV: 12    Int: 19    God:    Xom [..*...] SH:  0 Dex: 13

rFire   + + +      SeeInvis .   d - +0 dagger
rCold   x . .      Faith    .   (no shield)
rNeg    . . .      Spirit   .   e - +0 leather armour
rPois   ∞          Reflect  .   l - +0 helmet
rElec   .          Harm     .   (no cloak)
rCorr   +          Rampage  .   (no gloves)
Will    .....                   (boots unavailable)
Stlth   ++........              (no amulet)
HPRegen 0.11/turn               g - ring of protection from fire
MPRegen 0.00/turn               k - ring of resist corrosion

@: flying, very slightly contaminated
A: sickness immunity, fire resistance 2, cold vulnerability 1, float, innate
caster, HP casting, extra vitality 1
a: Renounce Religion


You were on level 3 of the Dungeon.
You worshipped Xom.
You were a toy of Xom.
You visited 1 branch of the dungeon, and saw 3 of its levels.

You collected 68 gold pieces.

Inventory:

Hand Weapons
 d - a +0 dagger (weapon)
 n - a +1 hand axe of freezing
Missiles
 c - 26 stones
 f - a throwing net
Armour
 e - a +0 leather armour (worn)
 l - a +0 helmet (worn)
Jewellery
 g - a ring of protection from fire (left hand)
 k - a ring of resist corrosion (right hand)
Scrolls
 a - a scroll of blinking {unknown}
 b - 2 scrolls of magic mapping {unknown}
 h - a scroll of summoning {unknown}
 i - a scroll of fog {unknown}
 j - 2 scrolls of identify {unknown}
 p - a scroll of enchant weapon {unknown}
Potions
 m - a potion of curing {unknown}
 o - a potion of mutation {unknown}


   Skills:
 + Level 0.2 Fighting
 + Level 1.4 Armour
 + Level 2.6 Dodging
 + Level 2.2 Stealth
 + Level 3.7 Spellcasting


You couldn't memorise any spells.
You knew the following spells:

 Your Spells              Type           Power      Damage    Failure   Level
a - Foxfire               Conj/Fire      68%        2x1d7     4%          1
b - Scorch                Fire           34%        2d6       7%          2
c - Conjure Flame         Conj/Fire      17%        6-21      13%         3
d - Inner Flame           Hex/Fire       17%        N/A       13%         3
e - Flame Wave            Conj/Fire      17%        2d6       41%         4
f - Beastly Appendage     Tmut           34%        N/A       4%          1
g - Static Discharge      Conj/Air       17%        3-6/arc   7%          2
Your spell library was empty.

Dungeon Overview and Level Annotations

Branches:
Dungeon (3/15)

Altars:
Xom


Innate Abilities, Weirdness & Mutations

You are immune to sickness and miasma.
You are immune to poison.
Your flesh is very heat resistant. (rF++)
You are vulnerable to cold. (rC-)
You float through the air rather than walking.
You learn spells naturally, not from books.
Your magical power is your life essence.
You have superior vitality. (+4 MHP)


Message History

The bat is severely wounded.
The bat hits you but does no damage.
Unknown command.
Casting: Scorch (safe; 7% risk of failure)
Confirm with . or Enter, or press ? or * to list all spells.
Flames lash the bat.
You kill the bat!
* * * LOW HITPOINT WARNING * * *
Casting: Scorch (safe; 7% risk of failure)
Confirm with . or Enter, or press ? or * to list all spells.
You miscast Scorch.
Nothing appears to happen.
* * * LOW HITPOINT WARNING * * *
An orc comes into view. It is wielding a +0 club.
Casting: Scorch (safe; 7% risk of failure)
Confirm with . or Enter, or press ? or * to list all spells.
Flames lash the orc.
The orc is almost dead.
The orc's fire resistance burns away.
* * * LOW HITPOINT WARNING * * *
You closely miss the orc.
The orc is almost dead.
An orc comes into view. It is wielding a +0 war axe.
You hit the orc.
You kill the orc!
The orc hits you with a +0 flail.
* * * LOW HITPOINT WARNING * * *
You see here a +0 mace.
The orc attacks as you move away! The orc hits you with a +0 flail.
You die... "Oh, no, you don't!"
Xom revives you!
Unknown command.
Casting: Scorch (safe; 7% risk of failure)
Confirm with . or Enter, or press ? or * to list all spells.
Flames lash the ball python.
You kill the ball python!
* * * LOW HITPOINT WARNING * * *
The orc hits you with a +0 flail!
You die... "This toy is broken."

..####### ..o..o..#
.######o#####.##
#....@....... ≈
####.##.###....≈ .≈
#....#...# ...≈.≈
#.##.....# ≈≈≈≈
#.##.#.#)#### ....≈
#....#.#....#..≈.≈.
######.####......≈≈
#.# #.....≈≈≈≈ #.#
#.......≈≈


You could see 2 orcs.

Vanquished Creatures
  A howler monkey (D:3)
  Natasha (D:2)
  3 adders
  2 dart slugs
  An orc (D:3)
  4 endoplasms
  8 goblins
  A hobgoblin (D:1)
  4 jackals (D:1)
  A quokka (D:2)
  3 ball pythons
  4 bats
  6 frilled lizards
  A rat (D:1)
40 creatures vanquished.

Vanquished Creatures (others)
  67 foxfires
67 creatures vanquished.

Grand Total: 107 creatures vanquished

Notes
Turn   | Place    | Note
-------+----------+-------------------------------------------
     0 | D:1      | snetch the Djinni Fire Elementalist began the quest for the
                  | Orb.
     0 | D:1      | snetch set off with the following spells memorised:
                  | Foxfire, Scorch, Conjure Flame, Inner Flame, Flame Wave.
     0 | D:1      | Reached XP level 1. HP: 15/15 MP: 0/0
   571 | D:1      | Reached XP level 2. HP: 20/21 MP: 0/0
   662 | D:2      | Reached skill level 3 in Spellcasting
   677 | D:1      | Reached XP level 3. HP: 15/25 MP: 0/0
   677 | D:1      | Learned a level 1 spell: Beastly Appendage
   904 | D:1      | Found a faded altar of an unknown god.
   910 | D:1      | Prayed at the altar of an unknown god.
   910 | D:1      | Became a worshipper of Xom of Chaos
  1139 | D:1      | XOM: cloud trail
  1426 | D:1      | XOM: silly message
  1673 | D:2      | XOM: silly message
  1984 | D:3      | XOM: silly message
  1989 | D:3      | Reached XP level 4. HP: 21/31 MP: 0/0
  2044 | D:2      | XOM: god gift: 5 stones
  2113 | D:3      | Reached skill level 1 in Armour
  2223 | D:2      | Noticed Natasha
  2225 | D:2      | Killed Natasha
  2226 | D:2      | Reached XP level 5. HP: 26/35 MP: 0/0
  2226 | D:2      | Learned a level 2 spell: Static Discharge
  2440 | D:3      | Xom revived you
  2441 | D:3      | Slain by an orc

Illustrated notes

Levels and vault maps discovered:
D:1:      dpeg_arrival_round_a, layout_basic, ebering_ecumenical_altar_mist
D:2:      layout_basic, serial_rivers, chequers_serial_rivers_small_b,
          chequers_serial_rivers_marsh, chequers_serial_rivers_room_a,
          chequers_serial_rivers_micro_b, chequers_serial_rivers_micro_e,
          minmay_misc_feat_tower, uniq_natasha
D:3:      layout_basic, minmay_misc_feat_iff, chequers_serial_rivers_small_3,
          chequers_arboretum

Skill      XL: |  1  2  3  4 |
---------------+-------------+-----
Spellcasting   | 3 |  3.7
Stealth        | 2 |  2.2
Armour         | 1 |  1.4
Fighting       | |  0.2
Dodging        | |  2.6

Action                   |  1- 3 |  4- 6 || total
-------------------------+-------+-------++-------
Melee: Unarmed           |     1 |       ||     1
       Dagger            |     8 |     9 ||    17
 Cast: Foxfire           |    47 |     5 ||    52
       Scorch            |     4 |    10 ||    14
       Static Discharge  |       |     2 ||     2
 Stab: Sleeping          |     2 |       ||     2
Armor: Robe              |     4 |       ||     4
       Leather armour    |     7 |     2 ||     9
Dodge: Dodged            |    18 |     6 ||    24

Table legend: (Time is in decaauts)
 A = Elapsed time spent in this place.
 B = Non-inter-level travel time spent in this place.
 C = Inter-level travel time spent in this place.
 D = Time resting spent in this place.
 E = Time spent auto-exploring this place.
 F = Levels seen in this place.
 G = Mean time per level.
                   A        B        C        D        E       F      G
               +--------+--------+--------+--------+--------+-----+--------+
         Total |   2442 |   2404 |     38 |      0 |   1865 |   3 |  814.0 |
       Dungeon |   2442 |   2404 |     38 |      0 |   1865 |   3 |  814.0 |
               +--------+--------+--------+--------+--------+-----+--------+

Top non-repeatable levels by time:
     D:1: 1560 daAuts
     D:2: 794 daAuts
     D:3: 88 daAuts
